 Dungeon Crawl Stone Soup version 0.31-a0-198-g2ad674f65e (webtiles) character file.

Game seed: 9758855167566672236

91 qw the Shooter (level 4, -3/25 HPs)
             Began as a Deep Elf Hunter on June 25, 2023.
             Slain by Natasha (6 damage)
             ... on level 2 of the Dungeon.
             The game lasted 00:00:27 (1028 turns).

qw the Shooter (Deep Elf Hunter)                    Turns: 1028, Time: 00:00:27

Health: -3/25      AC:  3    Str: 10    XL:     4   Next: 34%
Magic:  6/6        EV: 12    Int: 14    God:
Gold:   69         SH:  0    Dex: 18    Spells: 3/3 levels left

rFire   . . .        b - +0 orcbow
rCold   . . .        (shield currently unavailable)
rNeg    . . .        c - +0 leather armour
rPois   .            (no helmet)
rElec   .            (no cloak)
rCorr   .            (no gloves)
SInv    .            (no boots)
Will    .....        (no amulet)
Stlth   ++           (no ring)
HPRegen 0.24/turn    (no ring)
MPRegen 0.10/turn

%: no passive effects
@: no status effects
A: no striking features
a: no special abilities


You were on level 2 of the Dungeon.
You visited 1 branch of the dungeon, and saw 2 of its levels.

You collected 69 gold pieces.


   Skills:
 - Level 1.5 Fighting
 + Level 7.8 Ranged Weapons
 - Level 2.4 Dodging
 - Level 1.2 Stealth


You had 3 spell levels left.
You didn't know any spells.
Your spell library was empty.

Inventory:

Hand Weapons
 b - a +0 orcbow (weapon)
Armour
 c - a +0 leather armour (worn)
Scrolls
 a - 3 scrolls of identify
 e - a scroll of vulnerability {unknown}
Potions
 d - a potion of brilliance {unknown}
 g - a potion of resistance
 h - a potion of curing
 i - a potion of might

Dungeon Overview and Level Annotations

Branches:
Dungeon (2/15)

Altars:

Annotations:
D:2 Natasha


Message History

A hobgoblin comes into view.
You shoot an arrow. The arrow barely misses the hobgoblin.
Natasha, Servant of Life and Death comes into view.
You shoot an arrow.
Natasha hisses angrily.
The arrow hits the hobgoblin!
You kill the hobgoblin!
Natasha mumbles some strange words.
1019 ||| Stepping ~*~*~tactically~*~*~ (outnumbered).
You start resting.
There are monsters nearby!
You shoot an arrow.
The arrow closely misses the cerulean imp.
You shoot an arrow.
The arrow completely misses the cerulean imp.
You shoot an arrow.
The arrow closely misses the cerulean imp.
Natasha mumbles some strange words.
The cerulean imp hits you from afar with a +0 spear.
You shoot an arrow. The arrow hits Natasha.
Natasha is lightly wounded.
The cerulean imp hits you from afar with a +0 spear.
Natasha barely misses you.
The cerulean imp hits you from afar with a +0 spear.
You shoot an arrow. The arrow closely misses Natasha.
The cerulean imp barely misses you.
Natasha howls an incantation.
You feel troubled. Natasha misses you.
The cerulean imp hits you from afar with a +0 spear.
You shoot an arrow. The arrow barely misses Natasha.
The cerulean imp barely misses you. Natasha claws you!
The cerulean imp closely misses you.
You shoot an arrow. The arrow closely misses Natasha.
The cerulean imp hits you but does no damage.
Natasha casts a spell.
The cerulean imp completely misses you. The cerulean imp barely misses you.
You shoot an arrow. The arrow barely misses Natasha.
Natasha claws you.
You die...

#.##....# # #.##....# ## #
#.##..>.# .# ######.##.##.# .# #
#............# .#. #.###.##.#5###
#.# #.#......P.# #.#####
##.#.PP...h.### #.....###
##..+.....5P@..# #........
#####..........P.#.######..##..#.
......#..P.....#5#........>......
####..#.#....P.P.....)##....##.#.
...#....######.#%#.##..........#.
##...........h.)...#####.........
####...###.##5#.##.. ....##.###
..##..#####.#......# ##...#.##
................##.# #....


You could see Natasha and 3 cerulean imps.

Vanquished Creatures
  Natasha (twice) (D:2)
  A dart slug (D:2)
  2 endoplasms (D:1)
  2 giant cockroaches (D:1)
  5 goblins
  5 hobgoblins
  2 ball pythons (D:1)
  9 bats
  6 frilled lizards
  3 kobolds
37 creatures vanquished.

Notes
Turn   | Place    | Note
-------+----------+-------------------------------------------
     0 | D:1      | qw the Deep Elf Hunter began the quest for the Orb.
     0 | D:1      | Reached XP level 1. HP: 12/12 MP: 3/3
     0 | D:1      | 0 ||| qw: Version: 0.3-a-22-g0ed2b0b
     0 | D:1      | 0 ||| qw: Game counter: 5305
     0 | D:1      | 0 ||| qw: Melee chars always use a shield: true
     0 | D:1      | 0 ||| qw: God list: Okawaru
     0 | D:1      | 0 ||| qw: Allow faded altars: false
     0 | D:1      | 0 ||| qw: Do Orc after clearing Dungeon:15 true
     0 | D:1      | 0 ||| qw: Do second Lair branch before Depths: true
     0 | D:1      | 0 ||| qw: Lair rune preference: random
     0 | D:1      | 0 ||| qw: Goals: Normal
     0 | D:1      | 0 ||| PLANNING D:1-11
   295 | D:1      | Reached XP level 2. HP: 16/16 MP: 4/4
   367 | D:1      | Reached skill level 6 in Ranged Weapons
   628 | D:1      | Found a faded altar of an unknown god.
   682 | D:1      | 682 ||| READING 7 scrolls labelled AXEUMU TELES.
   683 | D:1      | 683 ||| READING scroll labelled YTAESU ZUNNIWN.
   684 | D:1      | 684 ||| READING scroll labelled YCOYTY FOMOQE.
   685 | D:1      | 685 ||| READING scroll labelled BUTZIZXUDAM.
   690 | D:1      | 690 ||| READING 6 scrolls of identify.
   690 | D:1      | 690 ||| IDENTIFYING metallic red potion
   691 | D:1      | 691 ||| READING 5 scrolls of identify.
   691 | D:1      | 691 ||| IDENTIFYING sapphire potion
   692 | D:1      | 692 ||| READING 4 scrolls of identify.
   692 | D:1      | 692 ||| IDENTIFYING inky potion
   693 | D:1      | 693 ||| DROPPING scroll of butterflies.
   783 | D:2      | 783 ||| STAIRDANCE
   795 | D:2      | Reached XP level 3. HP: 20/20 MP: 5/5
   805 | D:2      | 805 ||| SWAPPING to +0 orcbow.
   808 | D:2      | 808 ||| DROPPING +0 shortbow.
   932 | D:2      | Noticed Natasha
   936 | D:2      | Killed Natasha
   937 | D:2      | Reached skill level 7 in Ranged Weapons
   974 | D:2      | Noticed Natasha
   979 | D:2      | Killed Natasha
   980 | D:2      | Reached XP level 4. HP: 14/25 MP: 6/6
   980 | D:2      | 980 ||| FLEEEEING.
   981 | D:2      | 981 ||| FLEEEEING.
   983 | D:2      | 983 ||| FLEEEEING.
  1016 | D:2      | Noticed Natasha
  1019 | D:2      | 1019 ||| Stepping ~*~*~tactically~*~*~ (outnumbered).
  1026 | D:2      | HP: 2/25 [Natasha (9)]
  1028 | D:2      | Slain by Natasha

Levels and vault maps discovered:
D:1:      minmay_arrival_five_plusses, layout_basic,
          ebering_ecumenical_altar_abandoned, minmay_distorted
D:2:      cheibrodos_old_hovel, layout_loops_cross, basic_altar,
          kennysheep_jessica_study, uniq_natasha, uniq_jessica

Skill      XL: |  1  2  3 |
---------------+----------+-----
Ranged Weapons | 6 7 |  7.8
Fighting       | |  1.5
Dodging        | |  2.4
Stealth        | |  1.2

Action                     |  1- 3 |  4- 6 || total
---------------------------+-------+-------++-------
   Fire: Shortbow          |    56 |       ||    56
         Orcbow            |    17 |    14 ||    31
    Use: Scroll            |     7 |       ||     7
 Armour: Leather armour    |     7 |     1 ||     8
  Dodge: Dodged            |    17 |    10 ||    27

Table legend:
 A = Non-vault XP
 B = Vault XP
 C = Vault XP percentage of total XP
 D = Non-vault monster count
 E = Vault monster count
 F = Vault count percentage of total count
                 A         B        C        D         E       F
            +---------+---------+-------+---------+---------+-------
      Total |      86 |      45 |  34.4 |      32 |       5 |  13.5
            +---------+---------+-------+---------+---------+-------
        D:1 |      33 |       4 |  10.8 |      21 |       3 |  12.5
        D:2 |      53 |      41 |  43.6 |      11 |       2 |  15.4
            +---------+---------+-------+---------+---------+-------
